Chardon, neutral female sylph Wizard --------- |...|...| ---.|.|.--- |...|...| -----^-.| ...%.| ---------------.--- |.........|...|...| |.........|.-----.| |....<.^%.-.|.....| .| |.........|.|.----- ---.| |.........|.|.| |... |...| -----------.|.|--...| |.--- |.........|.......|.| |.-----------...--|.| .......|...........|@| ------.|...{.|.-.|.|V| .........|...|...| ------------------ Chardon the Conjurer Experience level: 5 Strength: 11 Dexterity: 13 Constitution: 8 Intelligence: 18 Wisdom: 17 Charisma: 8 Health: 0(41) Energy: 18(81) Def: 1 Gold: 113 Moves: 2401 Dungeon seed: 3nWrvw2wBcSjK7IY Game ID: Chardon_1493075687 Your Inventory: Coins $ - 113 gold pieces Weapons a - a blessed +1 quarterstaff (weapon in hands) w - a blessed +0 dagger (alternate weapon; not wielded) Armor b - an uncursed +0 mummy wrapping e - an uncursed +0 cloak of magic resistance (being worn) g - a cursed +0 mummy wrapping n - an uncursed +1 pair of speed boots Comestibles x - 2 uncursed tripe rations A - 4 uncursed food rations Scrolls c - 2 uncursed scrolls of enchant weapon i - an uncursed scroll of remove curse S - an uncursed scroll of identify T - an uncursed scroll of blank paper X - an uncursed scroll of magic mapping Y - an uncursed scroll of fire Spellbooks h - an uncursed spellbook of confuse monster Potions V - a potion of unholy water Wands s - a wand of light (0:6) U - a wand of polymorph (0:6) Tools l - an uncursed magic lamp (lit) o - an uncursed skeleton key q - an uncursed stethoscope Gems d - an uncursed amethyst f - an uncursed diamond r - an uncursed worthless piece of green glass y - 2 uncursed worthless pieces of yellowish brown glass z - an uncursed worthless piece of black glass N - 4 uncursed worthless pieces of blue glass Z - an uncursed black opal Spells and supernatural/magical abilities: Name Level Category Fail Memory a - force bolt 1 attack 0% 88% m - magic missile 2 attack 0% 94% s - slow monster 1 enchantment 0% 93% x - extra healing 3 healing 63% 88% W - pray for help -- divine ? -- Your skills at the end: Miscellaneous Skills wands [Basic] Weapon Skills quarterstaff [Basic] Spellcasting Skills attack spells [Basic] enchantment spells [Basic] Final Attributes: You were devoutly aligned. You were magic-protected. You were confused. Your writing hand was a little cramped from use. You saw invisible. You had infravision. You were very stealthy. You were protected from shape changers. You are dead. Vanquished creatures: a vampire an ettin mummy a crocodile a human mummy a leprechaun a lizard 2 giant spiders 3 gnome kings an orc mummy a jaguar a dwarf lord a gnome mummy a yellow light a bugbear 4 wood nymphs a Mordor orc 4 gnome lords 2 gnomish wizards a kobold mummy a floating eye a kitten 11 dwarves an iguana 2 jitterbugs 3 monkeys an orc zombie a wererat 2 killer bees 3 coyotes a gas spore a hobbit a hobgoblin 2 giant rats a brown mold 27 gnomes a gnome zombie 3 jackals a grid bug 93 creatures vanquished. Voluntary challenges: You were vegetarian. You did not cause conflict. You were not invisible. You did not have reflection. You used a wielded weapon 54 times, starting on turn 438. You did not apply a unicorn horn. You did not use plumbed fixtures. You did not drink any magical draughts. You read items or engraved 7 times, starting on turn 982. You never genocided any monsters. You never polymorphed an object. You never changed form. You used no wishes. You never split a pudding. You wrote Elbereth's name 2 times, starting on turn 2289. You violated your moral code, losing 1 point of alignment, starting on turn 493. Dungeon overview: The Dungeons of Doom: levels 1 to 2 Level 1 a long staircase Level 2 a fountain stairs to The Gnomish Mines The Gnomish Mines: levels 3 to 10 Level 3 stairs to The Dungeons of Doom Level 4 Level 5 Level 6 many shops, a temple to Anhur, a magic chest, some fountains, a sink Level 7 Level 8 Level 9 Level 10 <- You were here a fountain History has recorded: On T:1 you entered the Dungeons of Doom to retrieve the Amulet of Yendor! On T:221 you reached level 2 of The Dungeons of Doom. On T:278 you reached level 1 of The Gnomish Mines. On T:283 you reached level 2 of The Gnomish Mines. On T:313 you advanced to experience level 2. On T:324 you advanced to experience level 3. On T:414 you reached level 3 of The Gnomish Mines. On T:431 you advanced to experience level 4. On T:705 you prayed to Thoth. On T:826 you reached level 4 of The Gnomish Mines. On T:893 you advanced to experience level 5. On T:930 you entered the Minetown temple On T:979 you opened a magic chest. On T:1171 you advanced to experience level 6. On T:1419 you reached level 5 of The Gnomish Mines. On T:1454 you reached level 6 of The Gnomish Mines. On T:1477 you prayed to Thoth. On T:1808 you advanced to experience level 7. On T:1934 you reached level 7 of The Gnomish Mines. On T:2132 you reached level 8 of The Gnomish Mines. On T:2132 you reached the bottom of the Mines. On T:2319 you prayed to Thoth. Score breakdown: Gold: 113 ( 11 points) Experience: 5 levels ( 400 points) Exploration: 10 levels ( 270 points) Discoveries: 11 items ( 550 points) Variety of kills: 38 monsters ( 1900 points) Major goal: reached Mine's End ( 1000 points) Survival: died (score multiplied by 3) Total score: 12393 Latest messages: The magic missile hits the vampire lord! The magic missile hits you! The missiles bounce off! The vampire lord scratches you! The vampire lord bites! You try to draw healing from your surroundings, but you are too weak. The magic missile misses the vampire lord. The magic missile bounces! The magic missile hits the vampire lord! The magic missile hits you! The missiles bounce off! The vampire lord scratches you! The vampire lord bites! Status of the vampire lord (chaotic): Level 11 HP 33(60) Def 10. Ooph! This tastes like liquid fire! You don't feel so weak now. (You can name a purple-red potion from the item naming menu.) The vampire lord scratches you! The vampire lord bites! You die... Final status: Goodbye Chardon the Wizard, killed by a vampire lord... You died in The Gnomish Mines on dungeon level 10 with 12393 points, and 113 pieces of gold, after 2401 moves. You were level 5 with a maximum of 41 hit points when you died.